 Dungeon Crawl Stone Soup version 0.28.0-43-g3370ac3207 (webtiles) character file.

Game seed: 2155320074556546143

90 adizb the Ruffian (level 4, 0/36 HPs)
             Began as a Demigod Transmuter on Mar 5, 2022.
             Slain by an ogre
             ... wielding a +0 giant spiked club
              (14 damage)
             ... on level 4 of the Dungeon.
             The game lasted 00:10:56 (2361 turns).

adizb the Ruffian (Demigod Transmuter)              Turns: 2361, Time: 00:10:57

Health: 0/36       AC:  3    Str: 15    XL:     4   Next: 11%
Magic:  6/9        EV: 12    Int: 15    God:
Gold:   171        SH:  0    Dex: 14    Spells: 4/7 levels left

rFire   . . .      SeeInvis .     - Unarmed
rCold   . . .      Faith    .   (no shield)
rNeg    . . .      Spirit   .   j - +0 leather armour
rPois   .          Reflect  .   (helmet currently unavailable)
rElec   .          Harm     .   (no cloak)
rCorr   +          Rampage  .   (no gloves)
Will    .....                   (boots currently unavailable)
Stlth   +.........              (no amulet)
HPRegen 0.12/turn               l - ring of resist corrosion
MPRegen 0.11/turn               (no ring)

@: appendages, wereblooded
A: horns 2, talons 2, high MP 1, forlorn, divine attributes
a: End Transformation


You were on level 4 of the Dungeon.
You had temporarily grown beastly horns and talons.
You visited 1 branch of the dungeon, and saw 4 of its levels.

You collected 171 gold pieces.

Inventory:

Armour
 a - a +0 robe
 b - a +0 pair of boots (melded)
 h - a +2 helmet (melded)
 j - a +0 leather armour (worn)
 m - a +0 ring mail
Jewellery
 l - a ring of resist corrosion (left hand)
Scrolls
 c - a scroll of immolation {unknown}
 f - a scroll of amnesia {unknown}
 g - a scroll of blinking {unknown}
 i - a scroll of teleportation {unknown}
 k - a scroll of identify {unknown}
Potions
 d - a potion of magic {unknown}
 e - 3 potions of curing {unknown}


   Skills:
 * Level 2.0 Fighting
 + Level 0.7 Armour
 + Level 2.2 Dodging
 + Level 3.0 Unarmed Combat
 + Level 2.1 Spellcasting
 * Level 2.6 Transmutations


You had 4 spell levels left.
You knew the following spells:

 Your Spells              Type           Power      Damage    Failure   Level
a - Beastly Appendage     Tmut           18%        N/A       10%         1
b - Wereblood             Tmut           9%         N/A       14%         2

Your spell library contained the following spells:

 Spells                   Type           Power      Damage    Failure   Level
 Spider Form              Tmut/Pois      5%         N/A       43%         3
 Inner Flame              Hex/Fire       1%         N/A       63%         3
 Ice Form                 Ice/Tmut       5%         N/A       83%         4
 Cause Fear               Hex            0%         N/A       95%         4
 Discord                  Hex            0%         N/A       100%        8


Dungeon Overview and Level Annotations

Branches:
Dungeon (4/15)
 Temple: D:4-7


Innate Abilities, Weirdness & Mutations

You have temporarily grown beastly horns and talons.
You have an increased reservoir of magic. (+10% MP)
You shall have no god before yourself.
Your divine heritage dramatically boosts your attributes as you level up.


Message History

An ogre comes into view. It is wielding a +0 giant spiked club.
The ogre shouts!
Your horns disappear.
Your talons disappear.
Your +2 helmet unmelds from your body.
Your +0 pair of boots unmelds from your body.
You see here a +0 dagger.
There is a stone staircase leading down here.
An ogre is nearby!
An ogre is nearby!
An ogre is nearby!
An ogre is nearby!
A goblin comes into view. It is wielding a +0 club.
The goblin shouts!
You hear a shout!
The goblin moves out of view.
You hit the goblin.
The goblin is heavily wounded.
The goblin misses you.
You hit the goblin but do no damage.
The goblin is heavily wounded.
The goblin misses you.
Casting: Beastly Appendage (safe; 10% risk of failure)
Press: ? - help, Q - select action, (/) - cycle Dir - look around, f - activate You grow a pair of large bovine horns.
Your feet morph into talons.
Your +2 helmet melds into your body.
Your +0 pair of boots melds into your body.
The goblin barely misses you.
Casting: Wereblood (safe; 14% risk of failure)
Press: ? - help, Q - select action, (/) - cycle Dir - look around, f - activate Your blood is infused with primal strength.
The ogre hits you with a +0 giant spiked club!!
Ouch! That really hurt!
The goblin hits you but does no damage.
Okay, then.
You hit the goblin.
You feel a bit better.
You kill the goblin!
You hit the ogre. Your kick misses the ogre. You headbutt the ogre!
You punch the ogre.
The ogre is severely wounded.
The ogre hits you with a +0 giant spiked club!
You die...

##.# #########..#
.........#.##
########.###.######
........## ##.....#
.#######.###.####.#
#..#|......# #
###O#..####O.#
#.#.@....# #..###
#.#)###..# #..O.#
... #..# #.##.#
#.#.###..####.##.#
#.#........##.##.#
### #
###.####.##.##O#
[.. #.# #.##.##.#
..###.####
#.####.##.##.#
#..O.....#
#.O.O.....##.#


You could see an ogre.

Vanquished Creatures
  3 adders
  2 worms (D:2)
  4 dart slugs
  2 orcs
  An endoplasm (D:3)
  2 giant cockroaches
  5 goblins
  2 hobgoblins (D:1)
  7 jackals
  2 quokkas (D:2)
  8 ball pythons
  4 bats
  2 frilled lizards (D:1)
  2 kobolds
  2 rats
48 creatures vanquished.

Notes
Turn   | Place    | Note
-------+----------+-------------------------------------------
     0 | D:1      | adizb the Demigod Transmuter began the quest for the Orb.
     0 | D:1      | Reached XP level 1. HP: 15/15 MP: 5/5
    33 | D:1      | Reached skill level 1 in Fighting
   523 | D:1      | Reached XP level 2. HP: 15/23 MP: 5/7
   531 | D:1      | Learned a level 2 spell: Wereblood
  1026 | D:2      | Reached XP level 3. HP: 27/28 MP: 6/8
  2304 | D:4      | Reached skill level 3 in Unarmed Combat
  2304 | D:4      | Reached XP level 4. HP: 28/36 MP: 7/9
  2313 | D:4      | Noticed an ogre
  2361 | D:4      | Slain by an ogre

Illustrated notes

Levels and vault maps discovered:
D:1:      psy_arrival_dodecagon, layout_rooms, nrook_campfire
D:2:      layout_basic, ebering_ecumenical_altar_mist, serial_co_window_serial,
          co_window_paths_a, co_window_corner_a, co_window_corner_a,
          co_window_corner_a, co_window_corner_a, co_window_paths_b,
          co_window_cross_1, co_window_paths_a, co_window_paths_a,
          co_window_of_opportunity_b, co_window_2corner,
          co_window_unsneaky_path_b, co_window_cross_3, co_window_corner_b,
          glass_columns_c
D:3:      layout_loops_ring
D:4:      layout_loops_ring, marbit_many_paths, uniq_robin

Skill      XL: |  1  2  3 |
---------------+----------+-----
Fighting       | 1 2 |  2.0
Transmutations | 2 |  2.6
Dodging        | 2 |  2.2
Spellcasting   | 2 |  2.1
Unarmed Combat | 3 |  3.0
Armour         | |  0.7

Action                   |  1- 3 |  4- 6 || total
-------------------------+-------+-------++-------
Melee: Unarmed           |   134 |     4 ||   138
       Kick              |    19 |       ||    19
       Headbutt          |    16 |     1 ||    17
       Punch             |     2 |     1 ||     3
 Cast: Beastly Appendage |    24 |     1 ||    25
       Wereblood         |     2 |     1 ||     3
 Stab: Sleeping          |     1 |       ||     1
Armor: Robe              |    10 |       ||    10
       Leather armour    |    12 |     1 ||    13
Dodge: Dodged            |    81 |     3 ||    84
